 Dungeon Crawl Stone Soup version 0.13-a0-2584-g2e76cfd (console) character file.

3495 cbus the Chopper (level 9, -3/73 HPs)
             Began as a Centaur Berserker on July 31, 2013.
             Was a High Priest of Trog.
             Killed by divine providence
             ... invoked by an orc priest
              (13 damage)
             ... on Level 7 of the Dungeon.
             The game lasted 00:20:01 (8348 turns).

cbus the Chopper (Centaur Berserker)                Turns: 8348, Time: 00:20:01

HP  -3/73        AC 14     Str 25      XL: 9   Next: 62%
MP   6/6         EV  6     Int  6      God: Trog [*****.]
Gold 344         SH  0     Dex  9      Spells:  0 memorised,  8 levels left

Res.Fire  : . . .   See Invis. : .   e - +1,+0 orc war axe
Res.Cold  : . . .   Warding    : .   x - +0 orc chain mail
Life Prot.: . . .   Conserve   : .   (no shield)
Res.Poison: .       Res.Corr.  : .   L - +0 helmet
Res.Elec. : .       Clarity    : .   m - +1 cloak
Sust.Abil.: . .     Spirit.Shd : .   j - +0 pair of dwarf gauntlets
Res.Mut.  : .       Stasis     : .   (no barding)
Res.Rott. : .       Flight     : .   (no amulet)
Saprovore : . . .                    q - ring of teleport control
                                     g - +2 ring of strength

@: regenerating, mildly poisoned, very quick, very resistant to hostile
enchantments, extremely unstealthy
A: hooves 3, deformed body, herbivore 1, speed 2, fast metabolism 1, tough skin
3
a: Burn Spellbooks, Berserk, Trog's Hand, Brothers in Arms, Renounce Religion,
Evoke Teleport Control


You were on level 7 of the Dungeon.
You worshipped Trog.
Trog was extremely pleased with you.
You were not hungry.

You visited 1 branch of the dungeon, and saw 8 of its levels.

You collected 324 gold pieces.

Inventory:

Hand weapons
 a - a +0,+0 hand axe {=f}
 b - a +0 blowgun
 e - a +1,+0 orcish war axe (weapon)
 B - a +0,+0 sling
Missiles
 s - 26 stones
 A - 26 poisoned needles
 D - 3 javelins (quivered)
Armour
 j - a +0 pair of dwarven gauntlets (worn)
 m - a +1 cloak (worn)
 x - a +0 orcish chain mail (worn)
 L - a +0 helmet (worn)
Comestibles
 c - 3 bread rations
Scrolls
 d - 7 scrolls of teleportation {unknown}
 f - 4 scrolls of blinking {unknown}
 k - 8 scrolls of identify {unknown}
 l - 3 scrolls of enchant weapon I {unknown}
 o - a scroll of fear {unknown}
 p - 4 scrolls of remove curse {unknown}
 r - a scroll of curse armour {unknown}
 t - a scroll of enchant weapon II {unknown}
 v - a scroll of enchant armour {unknown}
 w - a scroll of noise {unknown}
 z - a scroll of curse weapon {unknown}
 J - a scroll of magic mapping {unknown}
Jewellery
 g - a +2 ring of strength (left hand)
 q - a ring of teleport control (right hand)
 y - an uncursed amulet of resist corrosion {unknown}
 F - an uncursed ring of magical power {unknown}
 G - an uncursed ring of poison resistance {unknown}
Potions
 h - a potion of speed {unknown}
 i - a potion of might {unknown}
 n - a potion of restore abilities {unknown}
 u - a potion of cure mutation {unknown}
 C - a potion of heal wounds {unknown}
 E - 2 potions of poison {unknown}


   Skills:
 + Level 5.1 Fighting
 * Level 7.8 Axes
 * Level 5.9 Armour
 + Level 5.1 Dodging
 + Level 1.1 Stealth


You had 8 spell levels left.
You didn't know any spells.

Dungeon Overview and Level Annotations

Branches:
Dungeon (8/27)             Temple (0/1) D:6             Orc (0/4) D:6
   Lair: D:8-13

Altars:
Elyvilon
Makhleb
Sif Muna
Yredelemnul


Innate Abilities, Weirdness & Mutations

You have hooves in place of feet.
Armour fits poorly on your strangely shaped body.
You digest meat inefficiently.
You cover ground very quickly.
You have a fast metabolism.
You have extremely tough skin (AC +3).


Message History

You feel better.
The orc shouts!
The killer bee closely misses you.
The killer bee stings you but does no damage.
Use which ability? (? or * to list)
Your skin crawls.
You feel resistant to hostile enchantments.
You feel slightly more hungry. The killer bee stings you.
The killer bee stings you!
* * * LOW HITPOINT WARNING * * *
You are poisoned.
The killer bee poisons you!
Use which ability? (? or * to list) You're too hungry to go berserk.
Eat which item? (? for menu, Esc to quit)
The killer bee stings you.
* * * LOW HITPOINT WARNING * * *
The orc priest calls down the wrath of Beogh upon you.
Something smites you!
You die...

#.# #.####.#.##.########...# #.#
#......................# #.#
######.#.##(########...# #.#
#.#...........##.### #.#
####.#...(.............
###.#######....#...........##.###
...............#.##.#.#######.#
###.#######....#%##.#.# #.#
#.#######....#@##.#.# ####.###
#.......#....#k##.#.# #.......
#............#o##.#.# #.##.###
#......<#....#.##.#.# #.##.#
#.......#....#.##.#.# #.##.#
#.############.##.#.####.##.###
#.# #####o##.#.##..≈.....# #.#
#....o...#.##........# #.#
#........#.##........#


You could see a killer bee, an orc priest and 2 orcs.

Vanquished Creatures
  The ghost of nuby the Conjurer, an experienced HECj of Sif Muna (D:5)
  A hungry ghost (D:7)
  Edmund (D:6)
  2 orc warriors
  A sky beast (D:7)
  2 ogres (D:5)
  A black bear (D:5)
  Sigmund (D:6)
  Duvessa (D:6)
  2 centaurs
  3 giant frogs (D:6)
  A gnoll sergeant (D:6)
  4 wights (D:6)
  4 killer bees (D:7)
  Dowan (D:6)
  A hound (D:4)
  A crimson imp (D:5)
  Crazy Yiuf (D:6)
  12 orc priests
  An iguana (D:6)
  A scorpion (D:4)
  7 orc wizards
  2 worker ants
  Ijyb (D:6)
  An ogre skeleton (D:6)
  A jelly (D:4)
  11 adders
  5 gnolls (D:7)
  2 worms (D:4)
  An inept item mimic (D:4)
  5 giant geckos
  2 oozes
  26 orcs
  A bat skeleton (D:7)
  3 giant cockroaches
  8 hobgoblins
  6 quokkas
  2 ball pythons
  11 bats
  A giant mite zombie (D:6)
  3 giant newts
  A giant newt skeleton (D:5)
  11 goblins
  A hobgoblin zombie (D:6)
  22 jackals
  4 kobolds
  A quokka skeleton (D:6)
  11 rats
  2 rat skeletons
  A spectral orc (D:2)
196 creatures vanquished.

Notes
Turn   | Place    | Note
--------------------------------------------------------------
     0 | D:1      | cbus, the Centaur Berserker, began the quest for the Orb.
     0 | D:1      | Reached XP level 1. HP: 19/19 MP: 0/0
   426 | D:1      | Reached XP level 2. HP: 26/26 MP: 1/1
   730 | D:2      | Acquired Trog's second power
   759 | D:2      | Reached XP level 3. HP: 33/33 MP: 2/2
  1182 | D:2      | Upgraded the game from 0.13-a0-2557-g7ea0453 to 0.13-a0-2584-g2e76cfd
  1487 | D:2      | Found a basalt altar of Yredelemnul.
  1490 | D:2      | Reached XP level 4. HP: 39/39 MP: 2/2
  2114 | D:3      | Reached XP level 5. HP: 16/46 MP: 3/3
  2832 | D:4      | Reached skill level 4 in Axes
  2836 | D:4      | Reached XP level 6. HP: 52/52 MP: 4/4
  2863 | D:4      | Acquired Trog's third power
  3577 | D:5      | Entered Level 5 of the Dungeon
  3582 | D:5      | Found a white marble altar of Elyvilon.
  3649 | D:5      | Reached XP level 7. HP: 45/59 MP: 4/4
  4231 | D:5      | Reached skill level 5 in Axes
  4633 | D:5      | Noticed nuby's ghost (experienced HECj)
  4648 | D:5      | Killed nuby's ghost
  4648 | D:5      | Reached XP level 8. HP: 67/67 MP: 5/5
  4901 | D:5      | Found a deep blue altar of Sif Muna.
  4993 | D:5      | Reached skill level 6 in Axes
  5328 | D:6      | Found a staircase to the Orcish Mines.
  5682 | D:6      | Noticed Edmund
  5710 | D:6      | Killed Edmund
  5956 | D:5      | Reached skill level 1 in Stealth
  6020 | D:6      | Noticed Crazy Yiuf
  6026 | D:6      | Killed Crazy Yiuf
  6246 | D:6      | Noticed Duvessa
  6264 | D:6      | Noticed Dowan
  6269 | D:6      | Killed Duvessa
  6274 | D:6      | Killed Dowan
  6274 | D:6      | Reached XP level 9. HP: 73/73 MP: 6/6
  6637 | D:6      | Noticed Sigmund
  6659 | D:6      | Killed Sigmund
  6659 | D:6      | Reached skill level 5 in Armour
  7009 | D:6      | Found a staircase to the Ecumenical Temple.
  7088 | D:6      | Reached skill level 7 in Axes
  7319 | D:6      | Reached skill level 5 in Fighting
  7378 | D:7      | Found a burning altar of Makhleb.
  7378 | D:7      | Noticed a balrug
  7464 | D:7      | Reached skill level 5 in Dodging
  7550 | D:7      | Noticed Ijyb
  7576 | D:6      | Killed Ijyb
  8348 | D:7      | Killed from afar by an orc priest

Action                   |  1- 3 |  4- 6 |  7- 9 || total
-------------------------+-------+-------+-------++-------
Melee: Hand axe          |    97 |   207 |   236 ||   540
       War axe           |       |       |   124 ||   124
 Fire: Blowgun           |       |       |     7 ||     7
       Sling             |       |       |     7 ||     7
Invok: Berserk           |     1 |     3 |     8 ||    12
       Trog's Hand       |       |     2 |     4 ||     6
       Burn Spellbooks   |       |       |     1 ||     1
  Use: Potion            |       |       |     4 ||     4
